[Event "18th IND-chT Women 2020"]
[Site "Ahmedabad"]
[Date "2020.02.10"]
[Round "1.1"]
[White "Gomes, Mary Ann"]
[Black "Mudaliar Nandini"]
[Result "1-0"]
[ECO "E01"]
[WhiteElo "2344"]
[BlackElo "1511"]
[Annotator "RC"]
[PlyCount "67"]
[EventDate "2020.02.05"]
[EventCountry "IND"]
[SourceTitle "playchess.com"]
[Source "ChessBase"]
[SourceQuality "1"]
[TimeControl "5400+30"]

1. Nf3 Nf6 2. g3 d5 3. Bg2 Nbd7 4. c4 c6 5. d4 e6 6. O-O Bd6 7. Nc3 O-O 8. Qc2 Re8 9. Rd1 h6 10. e4 dxe4 11. Nxe4 Nxe4 12. Qxe4 Qe7 13. Ne5 Rb8 14. h3 f6 15. Nxd7 Bxd7 16. Bf4 Rbd8 17. Bxd6 Qxd6 18. Qe3 Re7 19. Be4 Be8 20. Bc2 Bh5 21. Rd2 c5 22. Qd3 cxd4 23. Qh7+ Kf8 24. c5 Qd7 25. Re1 Ree8 26. Re4 Qc6 27. Rexd4 Rxd4 28. Rxd4 f5 29. Ba4 b5 30. cxb6 Qc1+ 31. Kg2 Be2 32. Qh8+ Kf7 33. Bxe8+ Ke7 34. Rd7+ 1-0

[Event "18th IND-chT Women 2020"]
[Site "Ahmedabad"]
[Date "2020.02.10"]
[Round "1.4"]
[White "Patel Riddhi R"]
[Black "Mohota, Nisha"]
[Result "0-1"]
[ECO "B03"]
[WhiteElo "1584"]
[BlackElo "2191"]
[Annotator "RC"]
[PlyCount "78"]
[EventDate "2020.02.05"]
[EventCountry "IND"]
[SourceTitle "playchess.com"]
[Source "ChessBase"]
[SourceQuality "1"]
[TimeControl "5400+30"]

1. e4 Nf6 2. e5 Nd5 3. d4 d6 4. c4 Nb6 5. Nc3 dxe5 6. dxe5 Qxd1+ 7. Nxd1 Nc6 8. f4 Bf5 9. Ne3 e6 10. Bd2 Be4 11. Nh3 O-O-O 12. Nf2 Bg6 13. Be2 Bc5 14. Nfd1 Rd7 15. Bc1 Nd4 16. g4 Be4 17. Rf1 Nxe2 18. Kxe2 Bd3+ 19. Ke1 Bxf1 20. Kxf1 Nxc4 21. Ke2 Nxe3 22. Nxe3 h5 23. g5 Rhd8 24. a3 Bd4 25. Ra2 Bxe3 26. Bxe3 Rd1 27. b4 Rh1 28. Kf3 Rd3 29. Ke4 Rb3 30. Re2 g6 31. Kf3 Rxa3 32. Kg2 Rha1 33. Kf2 R1a2 34. Rxa2 Rxa2+ 35. Kg3 b6 36. Bd4 a5 37. bxa5 bxa5 38. h4 a4 39. Bc5 a3 0-1

[Event "18th IND-chT Women 2020"]
[Site "Ahmedabad"]
[Date "2020.02.10"]
[Round "1.7"]
[White "Smaraki, Mohanty"]
[Black "Meenakshi Subbaraman"]
[Result "0-1"]
[ECO "A25"]
[WhiteElo "1746"]
[BlackElo "2162"]
[Annotator "RC"]
[PlyCount "40"]
[EventDate "2020.02.05"]
[EventCountry "IND"]
[SourceTitle "playchess.com"]
[Source "ChessBase"]
[SourceQuality "1"]
[TimeControl "5400+30"]

1. c4 d6 2. Nc3 e5 3. e3 g6 4. d4 Nc6 5. Nf3 Bg7 6. d5 Nce7 7. Be2 f5 8. Qc2 Nf6 9. b3 O-O 10. h4 c6 11. dxc6 bxc6 12. Bb2 Qc7 13. Rd1 h6 14. Qd2 Ne4 15. Qc1 Bb7 16. Nxe4 fxe4 17. Nd2 d5 18. Nb1 Rad8 19. Nc3 Kh8 20. Qc2 Nf5 0-1

[Event "18th IND-chT Women 2020"]
[Site "Ahmedabad"]
[Date "2020.02.10"]
[Round "1.9"]
[White "Harshini A"]
[Black "Pammi, Rani"]
[Result "1-0"]
[ECO "B91"]
[WhiteElo "2194"]
[BlackElo "1468"]
[Annotator "RC"]
[PlyCount "59"]
[EventDate "2020.02.05"]
[EventCountry "IND"]
[SourceTitle "playchess.com"]
[Source "ChessBase"]
[SourceQuality "1"]
[TimeControl "5400+30"]

1. e4 c5 2. Nf3 d6 3. d4 cxd4 4. Nxd4 Nf6 5. Nc3 a6 6. g3 e5 7. Nde2 Qc7 8. Bg5 Be7 9. Bg2 Be6 10. h3 h6 11. Be3 Nbd7 12. a4 Nb6 13. b3 Rc8 14. O-O Nbd7 15. a5 O-O 16. f4 Nb8 17. Bb6 Qc6 18. f5 Bd7 19. Ra2 Bd8 20. Be3 b5 21. Qd2 Be8 22. Nd5 Nbd7 23. Nb4 Qb7 24. Qxd6 Bc7 25. Qxa6 Qxa6 26. Nxa6 Bd8 27. Nb4 Ra8 28. Nc6 Bc7 29. Nc3 Nb8 30. Nxb5 1-0

[Event "18th IND-chT Women 2020"]
[Site "Ahmedabad"]
[Date "2020.02.10"]
[Round "1.10"]
[White "Kumari Prerna"]
[Black "Varshini, V."]
[Result "0-1"]
[ECO "B90"]
[WhiteElo "1234"]
[BlackElo "2242"]
[Annotator "RC"]
[PlyCount "54"]
[EventDate "2020.02.05"]
[EventCountry "IND"]
[SourceTitle "playchess.com"]
[Source "ChessBase"]
[SourceQuality "1"]
[TimeControl "5400+30"]

1. e4 c5 2. Nf3 d6 3. d4 cxd4 4. Nxd4 Nf6 5. Nc3 a6 6. a4 b6 7. Bd3 Bb7 8. Bg5 e6 9. f4 Nbd7 10. Nb3 Be7 11. Qe2 h6 12. Bxf6 Bxf6 13. Qd2 Rc8 14. O-O O-O 15. Rae1 Qc7 16. Nd1 Qc6 17. Re2 Qxa4 18. f5 Qc6 19. Rf3 Ne5 20. Rg3 Bh4 21. Rh3 Bg5 22. Qe1 Rce8 23. Qg3 exf5 24. exf5 Nxd3 25. Rxe8 Rxe8 26. cxd3 Qc2 27. Nc3 Re1+ 0-1

[Event "18th IND-chT Women 2020"]
[Site "Ahmedabad"]
[Date "2020.02.10"]
[Round "1.12"]
[White "Marium Fatima"]
[Black "Mahalakshmi, M."]
[Result "0-1"]
[ECO "D02"]
[WhiteElo "1511"]
[BlackElo "2255"]
[Annotator "RC"]
[PlyCount "76"]
[EventDate "2020.02.05"]
[EventCountry "IND"]
[SourceTitle "playchess.com"]
[Source "ChessBase"]
[SourceQuality "1"]
[TimeControl "5400+30"]

1. d4 Nf6 2. Nf3 d5 3. g3 Bf5 4. Bg2 e6 5. O-O Bd6 6. Nbd2 O-O 7. b3 c5 8. Bb2 Nc6 9. c4 Re8 10. Rc1 cxd4 11. cxd5 Nxd5 12. Nxd4 Nxd4 13. Bxd4 Ba3 14. e4 Bxc1 15. Qxc1 Ne7 16. Qb2 Bg6 17. Bxg7 Nc6 18. Bf6 Qd3 19. e5 Nd4 20. Bxb7 Rab8 21. Bg2 Rec8 22. Bg5 Rc2 23. Qa1 Rxd2 24. Bxd2 Ne2+ 25. Kh1 Qxd2 26. Rd1 Qc2 27. h4 Rc8 28. Kh2 Nc1 29. Qd4 Nxa2 30. Rd2 Qxb3 31. Qxa7 Nb4 32. Qb7 Qc3 33. Rd7 Qc5 34. f4 Nc2 35. g4 Ne3 36. Kg3 Nxg2 37. h5 Qe3+ 38. Kh2 Qxf4+ 0-1

[Event "18th IND-chT Women 2020"]
[Site "Ahmedabad"]
[Date "2020.02.10"]
[Round "2.1"]
[White "Nanditha V"]
[Black "Gomes, Mary Ann"]
[Result "0-1"]
[ECO "C02"]
[WhiteElo "1728"]
[BlackElo "2344"]
[Annotator "RC"]
[PlyCount "72"]
[EventDate "2020.02.05"]
[EventCountry "IND"]
[SourceTitle "playchess.com"]
[Source "ChessBase"]
[SourceQuality "1"]
[TimeControl "5400+30"]

1. e4 c5 2. Nf3 e6 3. c3 d5 4. e5 Nc6 5. d4 Qb6 6. Bd3 cxd4 7. cxd4 Bd7 8. Bc2 Nb4 9. O-O Nxc2 10. Qxc2 Rc8 11. Nc3 Ne7 12. Rd1 Nc6 13. Be3 Na5 14. Ne1 Nc4 15. Nd3 Bb4 16. Nc5 Bxc5 17. dxc5 Nxe3 18. fxe3 Qxc5 19. Qf2 O-O 20. e4 Qxf2+ 21. Kxf2 Bc6 22. exd5 Bxd5 23. Rd2 Bc6 24. Ke3 f6 25. Rf1 fxe5 26. Rxf8+ Kxf8 27. Nd1 Ke7 28. Nc3 Rf8 29. b4 a6 30. a4 Rf4 31. b5 axb5 32. axb5 Rc4 33. bxc6 Rxc3+ 34. Ke4 Rxc6 35. Kxe5 Rc5+ 36. Ke4 b5 0-1

[Event "18th IND-chT Women 2020"]
[Site "Ahmedabad"]
[Date "2020.02.10"]
[Round "2.4"]
[White "Mohota, Nisha"]
[Black "Natura Bethi"]
[Result "1-0"]
[ECO "E04"]
[WhiteElo "2191"]
[BlackElo "1364"]
[Annotator "RC"]
[PlyCount "71"]
[EventDate "2020.02.05"]
[EventCountry "IND"]
[SourceTitle "playchess.com"]
[Source "ChessBase"]
[SourceQuality "1"]
[TimeControl "5400+30"]

1. d4 Nf6 2. c4 e6 3. g3 d5 4. Nf3 Bb4+ 5. Nbd2 dxc4 6. Qc2 b5 7. a4 c6 8. Bg2 Bb7 9. O-O O-O 10. b3 cxb3 11. Nxb3 Nbd7 12. Bb2 Rc8 13. Nc5 Nxc5 14. dxc5 a5 15. Ng5 Qd2 16. Qxd2 Bxd2 17. Bxf6 gxf6 18. Ne4 Bb4 19. axb5 Ba8 20. Nxf6+ Kg7 21. Nd7 cxb5 22. Nxf8 Bxg2 23. Nxe6+ fxe6 24. Kxg2 Rxc5 25. Rfd1 Rc2 26. Rd7+ Kg6 27. Kf3 Bc3 28. Ra3 a4 29. Rc7 Bb2 30. Rxc2 Bxa3 31. Ke4 b4 32. Kd3 b3 33. Rc4 Bc1 34. Rxc1 a3 35. Kc3 b2 36. Rd1 1-0

[Event "18th IND-chT Women 2020"]
[Site "Ahmedabad"]
[Date "2020.02.10"]
[Round "2.5"]
[White "Kulkarni Bhakti"]
[Black "Divyabharathi Masanam"]
[Result "1-0"]
[ECO "D08"]
[WhiteElo "2404"]
[BlackElo "1747"]
[Annotator "RC"]
[PlyCount "75"]
[EventDate "2020.02.05"]
[EventCountry "IND"]
[SourceTitle "playchess.com"]
[Source "ChessBase"]
[SourceQuality "1"]
[TimeControl "5400+30"]

1. d4 d5 2. c4 e5 3. dxe5 d4 4. Nf3 Nc6 5. a3 Be6 6. e3 dxe3 7. Qxd8+ Rxd8 8. Bxe3 Nge7 9. Nc3 a6 10. Ng5 Nf5 11. Nxe6 fxe6 12. Bf4 Rd4 13. g3 Be7 14. Be2 O-O 15. O-O g5 16. Be3 Rdd8 17. Bc1 Nxe5 18. f4 Nd3 19. Bxd3 Rxd3 20. fxg5 Rd4 21. Re1 Kf7 22. Bf4 Rxc4 23. Rad1 Bd6 24. Re4 Rxe4 25. Nxe4 e5 26. Bd2 Ke6 27. Bc3 b6 28. Re1 Rf7 29. Kg2 Ne7 30. g6 Rf8 31. Ng5+ Kd5 32. gxh7 Ng6 33. Rd1+ Kc6 34. h4 Rh8 35. Rf1 Kd7 36. Rf7+ Ke8 37. Rg7 Nf8 38. Rg8 1-0

[Event "18th IND-chT Women 2020"]
[Site "Ahmedabad"]
[Date "2020.02.10"]
[Round "2.6"]
[White "Bala Kannamma P"]
[Black "Tania, Sachdev"]
[Result "1/2-1/2"]
[ECO "A05"]
[WhiteElo "2095"]
[BlackElo "2397"]
[Annotator "RC"]
[PlyCount "66"]
[EventDate "2020.02.05"]
[EventCountry "IND"]
[SourceTitle "playchess.com"]
[Source "ChessBase"]
[SourceQuality "1"]
[TimeControl "5400+30"]

1. Nf3 Nf6 2. g3 b6 3. Bg2 Bb7 4. d3 g6 5. e4 d6 6. O-O Bg7 7. Nbd2 c5 8. Re1 O-O 9. c3 Nc6 10. Nf1 b5 11. d4 cxd4 12. Nxd4 Nxd4 13. cxd4 Nd7 14. b3 a5 15. Rb1 Qb6 16. Bb2 a4 17. e5 Bxg2 18. Kxg2 axb3 19. axb3 Qb7+ 20. Kg1 dxe5 21. dxe5 Rfd8 22. Qc1 Ra2 23. e6 fxe6 24. Bxg7 Kxg7 25. Rxe6 Nf6 26. Qc5 Kf7 27. Rbe1 Rd7 28. h3 Rc7 29. Qe3 Ra6 30. Rxa6 Qxa6 31. Nd2 Kg7 32. Ne4 Nxe4 33. Qxe4 Qf6 1/2-1/2

[Event "18th IND-chT Women 2020"]
[Site "Ahmedabad"]
[Date "2020.02.10"]
[Round "2.7"]
[White "Vijayalakshmi, Subbaraman"]
[Black "Senthamizh Yazhini S"]
[Result "1-0"]
[ECO "D02"]
[WhiteElo "2331"]
[BlackElo "1615"]
[Annotator "RC"]
[PlyCount "69"]
[EventDate "2020.02.05"]
[EventCountry "IND"]
[SourceTitle "playchess.com"]
[Source "ChessBase"]
[SourceQuality "1"]
[TimeControl "5400+30"]

1. Nf3 Nf6 2. d4 e6 3. Bf4 d5 4. e3 Bd6 5. Bg3 O-O 6. Bd3 c5 7. dxc5 Bxc5 8. Nbd2 Nc6 9. O-O b6 10. c3 Re8 11. e4 dxe4 12. Nxe4 Nxe4 13. Bxe4 Bb7 14. Qa4 Na5 15. Rad1 Qc8 16. Bxh7+ Kxh7 17. Qh4+ Kg8 18. Ng5 Qc6 19. Qh7+ Kf8 20. Nf3 f6 21. b4 Nc4 22. bxc5 bxc5 23. Qh4 Ba6 24. Qh7 e5 25. Rfe1 Nb2 26. Nh4 Nxd1 27. Rxd1 Bb7 28. f3 Bc8 29. Ng6+ Kf7 30. Qh5 Ke6 31. Nxe5 fxe5 32. Qg6+ Ke7 33. Qxg7+ Ke6 34. Bh4 Kf5 35. Qg4# 1-0

[Event "18th IND-chT Women 2020"]
[Site "Ahmedabad"]
[Date "2020.02.10"]
[Round "2.8"]
[White "Harshini B"]
[Black "Ramaswamy, Aarthie"]
[Result "0-1"]
[ECO "E11"]
[WhiteElo "1603"]
[BlackElo "2072"]
[Annotator "NA RC"]
[PlyCount "106"]
[EventDate "2020.02.05"]
[EventCountry "IND"]
[SourceTitle "playchess.com"]
[Source "ChessBase"]
[SourceQuality "1"]
[TimeControl "5400+30"]

1. d4 Nf6 2. c4 e6 3. g3 Bb4+ 4. Bd2 a5 5. Bg2 d5 6. Nf3 O-O 7. O-O c6 8. Qc2 Nbd7 9. b3 Re8 10. Bc3 Ne4 11. Bb2 Bf8 12. Nbd2 f5 13. Rfd1 Qf6 14. Ne5 Nxe5 15. dxe5 Qh6 16. Bc1 Nxf2 17. Nf3 Nh3+ 18. Kf1 Qh5 19. Be3 h6 20. Qd2 Be7 21. Bxh3 Qxh3+ 22. Kg1 Qg4 23. Qd4 Qxd4 24. Nxd4 Bd7 25. cxd5 cxd5 26. Rac1 Rec8 27. Rxc8+ Rxc8 28. Rc1 Rxc1+ 29. Bxc1 Kf7 30. Kf2 Bd8 31. Bb2 Bc7 32. Nf3 g5 33. h3 Kg6 34. Bc3 Bb6+ 35. Kg2 a4 36. Bd4 Bc7 37. b4 Bb5 38. Kf2 g4 39. hxg4 fxg4 40. Nh4+ Kf7 41. Ke3 Bd8 42. Kf2 a3 43. Bc3 Bc4 44. Bd2 Bb6+ 45. e3 d4 46. Ng2 Bxa2 47. Bc1 Bd5 48. Bxa3 Bxg2 49. Kxg2 dxe3 50. Kf1 Kg6 51. b5 Kf5 52. Bd6 Ke4 53. Ke2 Bd4 0-1

[Event "18th IND-chT Women 2020"]
[Site "Ahmedabad"]
[Date "2020.02.10"]
[Round "2.9"]
[White "Anupam M Sreekumar"]
[Black "Michelle Catherina, P."]
[Result "1/2-1/2"]
[ECO "A07"]
[WhiteElo "1745"]
[BlackElo "2175"]
[Annotator "RC"]
[PlyCount "64"]
[EventDate "2020.02.05"]
[EventCountry "IND"]
[SourceTitle "playchess.com"]
[Source "ChessBase"]
[SourceQuality "1"]
[TimeControl "5400+30"]

1. Nf3 d5 2. g3 g6 3. Bg2 Bg7 4. O-O e5 5. d3 Ne7 6. e4 O-O 7. Nc3 dxe4 8. dxe4 Be6 9. Qxd8 Rxd8 10. Be3 Nbc6 11. Rfd1 h6 12. Nb5 Rdc8 13. Nd2 a6 14. Na3 Rd8 15. Nb3 b6 16. Bf1 Nd4 17. c3 Nxb3 18. axb3 Bxb3 19. Rxd8+ Rxd8 20. Bxa6 f5 21. f3 Kf7 22. Kf2 Ke6 23. Bc4+ Bxc4 24. Nxc4 Nc6 25. Ke2 Bf6 26. Ra6 h5 27. Na3 Rd7 28. Nb5 Na5 29. Ra7 Bd8 30. Na3 Be7 31. Nb5 Bd8 32. Na3 Be7 1/2-1/2

[Event "18th IND-chT Women 2020"]
[Site "Ahmedabad"]
[Date "2020.02.10"]
[Round "2.10"]
[White "Varshini, V."]
[Black "Anjitha Krishnakumar"]
[Result "1-0"]
[ECO "B84"]
[WhiteElo "2242"]
[BlackElo "1444"]
[Annotator "RC"]
[PlyCount "57"]
[EventDate "2020.02.05"]
[EventCountry "IND"]
[SourceTitle "playchess.com"]
[Source "ChessBase"]
[SourceQuality "1"]
[TimeControl "5400+30"]

1. e4 c5 2. Nc3 d6 3. Nge2 Nf6 4. d4 cxd4 5. Nxd4 e6 6. Be2 Be7 7. O-O a6 8. a4 b6 9. f4 Bb7 10. Bf3 Qc7 11. e5 dxe5 12. fxe5 Nfd7 13. Bf4 Nc6 14. Nxc6 Bxc6 15. Bxc6 Qxc6 16. Qg4 O-O-O 17. Qe2 Kb7 18. Bg3 f5 19. exf6 gxf6 20. Rad1 e5 21. Nd5 Bc5+ 22. Kh1 Bd4 23. Nb4 Qxa4 24. Qe4+ Kc8 25. Rxd4 exd4 26. Qa8+ Nb8 27. Qxb8+ Kd7 28. Qd6+ Ke8 29. Qe6+ 1-0

[Event "18th IND-chT Women 2020"]
[Site "Ahmedabad"]
[Date "2020.02.10"]
[Round "2.12"]
[White "Mahalakshmi, M."]
[Black "Prajeesha K"]
[Result "1-0"]
[ECO "A52"]
[WhiteElo "2255"]
[BlackElo "1417"]
[Annotator "RC"]
[PlyCount "73"]
[EventDate "2020.02.05"]
[EventCountry "IND"]
[SourceTitle "playchess.com"]
[Source "ChessBase"]
[SourceQuality "1"]
[TimeControl "5400+30"]

1. d4 Nf6 2. c4 e5 3. dxe5 Ng4 4. Bf4 Nc6 5. Nf3 Bb4+ 6. Nc3 Qe7 7. Qd5 Bxc3+ 8. bxc3 Qa3 9. Rc1 Qxa2 10. h3 Nh6 11. Nd4 Ne7 12. Qc5 c6 13. e4 b6 14. Qd6 Ba6 15. Bg5 Nhg8 16. Rd1 Qa5 17. Nb5 Rd8 18. Nc7+ Kf8 19. Nxa6 Qxa6 20. Be2 Qa5 21. O-O f6 22. Bxf6 Qc5 23. Qxc5 bxc5 24. Bg5 Kf7 25. Bg4 h6 26. Be3 h5 27. Bxd7 Nh6 28. Bxc5 a6 29. e6+ Kf8 30. Bxc6 Rc8 31. Rd7 Nhg8 32. Rfd1 g5 33. Rd8+ Kg7 34. Rxc8 Nxc8 35. Rd7+ Kg6 36. Rd8 Nge7 37. Rxh8 1-0

[Event "18th IND-chT Women 2020"]
[Site "Ahmedabad"]
[Date "2020.02.10"]
[Round "3.1"]
[White "Gomes, Mary Ann"]
[Black "Priyanka Nutakki"]
[Result "1/2-1/2"]
[ECO "E05"]
[WhiteElo "2344"]
[BlackElo "2212"]
[Annotator "RC"]
[PlyCount "86"]
[EventDate "2020.02.05"]
[EventCountry "IND"]
[SourceTitle "playchess.com"]
[Source "ChessBase"]
[SourceQuality "1"]
[TimeControl "5400+30"]

1. Nf3 d5 2. g3 Nf6 3. Bg2 e6 4. c4 Be7 5. O-O O-O 6. d4 dxc4 7. Qc2 a6 8. a4 Bd7 9. Bg5 Bc6 10. Rd1 Be4 11. Qc1 Nc6 12. Nbd2 Bxf3 13. Nxf3 Na5 14. Bxf6 Bxf6 15. Ra2 c6 16. e4 b5 17. Qc3 Nb3 18. e5 Be7 19. Ne1 Qb6 20. Nc2 Rad8 21. a5 Qc7 22. Na1 Nc5 23. Nc2 Nd3 24. b3 cxb3 25. Qxb3 Nxe5 26. Ne3 Nd7 27. Rad2 Nb8 28. Qc3 Rc8 29. Rc2 Rfd8 30. d5 c5 31. Bh3 Bf6 32. Qe1 Qe5 33. Re2 Qh5 34. Bg4 Qg6 35. dxe6 Rxd1 36. Qxd1 Re8 37. Qd5 fxe6 38. Bxe6+ Kh8 39. Nf5 Qg4 40. Re4 Qg5 41. Qxc5 g6 42. h4 Qd2 43. Nd6 Rf8 1/2-1/2

[Event "18th IND-chT Women 2020"]
[Site "Ahmedabad"]
[Date "2020.02.10"]
[Round "3.6"]
[White "Tania, Sachdev"]
[Black "Varshini, V."]
[Result "1-0"]
[ECO "D35"]
[WhiteElo "2397"]
[BlackElo "2242"]
[Annotator "RC"]
[PlyCount "69"]
[EventDate "2020.02.05"]
[EventCountry "IND"]
[SourceTitle "playchess.com"]
[Source "ChessBase"]
[SourceQuality "1"]
[TimeControl "5400+30"]

1. d4 d5 2. c4 e6 3. Nc3 Nf6 4. Nf3 Be7 5. Qc2 O-O 6. cxd5 exd5 7. Bf4 c6 8. h3 Re8 9. e3 Nbd7 10. Bd3 Nf8 11. O-O-O Be6 12. Kb1 Rc8 13. Rc1 b5 14. g4 a6 15. Qe2 c5 16. dxc5 Bxc5 17. Be5 Qa5 18. Bc2 N8d7 19. Bd4 Ne4 20. Bb3 Bxd4 21. Nxe4 Rxc1+ 22. Rxc1 Bxe3 23. Qxe3 dxe4 24. Bxe6 fxe6 25. Qxe4 Nf6 26. Qc6 Qd8 27. g5 Nd5 28. Qxa6 b4 29. h4 Qb8 30. Qc4 Qa7 31. Nd4 Qb6 32. Re1 Kf7 33. Rxe6 Nc3+ 34. bxc3 bxc3+ 35. Kc2 1-0

[Event "18th IND-chT Women 2020"]
[Site "Ahmedabad"]
[Date "2020.02.10"]
[Round "3.8"]
[White "Meenakshi Subbaraman"]
[Black "Mahalakshmi, M."]
[Result "0-1"]
[ECO "A47"]
[WhiteElo "2162"]
[BlackElo "2255"]
[Annotator "RC"]
[PlyCount "74"]
[EventDate "2020.02.05"]
[EventCountry "IND"]
[SourceTitle "playchess.com"]
[Source "ChessBase"]
[SourceQuality "1"]
[TimeControl "5400+30"]

1. d4 Nf6 2. Nf3 b6 3. Bf4 Bb7 4. e3 g6 5. Be2 Bg7 6. Nc3 d6 7. h4 Nbd7 8. Qd2 a6 9. a4 c5 10. d5 b5 11. axb5 axb5 12. Rxa8 Qxa8 13. Bxb5 Nxd5 14. Nxd5 Bxd5 15. O-O Bxf3 16. gxf3 Qxf3 17. Ra1 Qg4+ 18. Bg3 O-O 19. Ra4 Qe6 20. b3 Nf6 21. Qd3 Nh5 22. Qe4 Nxg3 23. fxg3 Be5 24. Kg2 d5 25. Qg4 Qxg4 26. Rxg4 f5 27. Ra4 d4 28. Bc4+ Kg7 29. Ra5 dxe3 30. Rxc5 Bd6 31. Rd5 f4 32. gxf4 Rxf4 33. Rd1 Rf2+ 34. Kg1 Rxc2 35. Re1 Bg3 36. Re2 Rxe2 37. Bxe2 Bxh4 0-1

[Event "18th IND-chT Women 2020"]
[Site "Ahmedabad"]
[Date "2020.02.10"]
[Round "4.1"]
[White "Michelle Catherina, P."]
[Black "Gomes, Mary Ann"]
[Result "0-1"]
[ECO "B42"]
[WhiteElo "2175"]
[BlackElo "2344"]
[Annotator "RC"]
[PlyCount "72"]
[EventDate "2020.02.05"]
[EventCountry "IND"]
[SourceTitle "playchess.com"]
[Source "ChessBase"]
[SourceQuality "1"]
[TimeControl "5400+30"]

1. e4 c5 2. Nf3 e6 3. d4 cxd4 4. Nxd4 a6 5. Bd3 Qc7 6. O-O Nf6 7. Qe2 d6 8. c4 g6 9. Nc3 Bg7 10. Rd1 O-O 11. Nf3 Nbd7 12. Be3 Ng4 13. Rac1 Nc5 14. Bb1 b6 15. Qd2 Rd8 16. Bf4 Bf8 17. Bg5 Re8 18. b3 Bb7 19. h4 Rac8 20. h5 Nd7 21. Ne2 Nde5 22. Nxe5 Nxe5 23. Rc3 Qc5 24. Qf4 f5 25. Qh4 Rc7 26. Rh3 Rg7 27. Nf4 Kf7 28. exf5 exf5 29. hxg6+ hxg6 30. Rg3 Ng4 31. Rxg4 fxg4 32. Nxg6 Be4 33. Nh8+ Kg8 34. Bf6 Bxb1 35. Rxb1 Qf5 36. Rd1 Rh7 0-1

[Event "18th IND-chT Women 2020"]
[Site "Ahmedabad"]
[Date "2020.02.10"]
[Round "4.4"]
[White "Mohota, Nisha"]
[Black "Mahalakshmi, M."]
[Result "1/2-1/2"]
[ECO "B11"]
[WhiteElo "2191"]
[BlackElo "2255"]
[Annotator "RC"]
[PlyCount "119"]
[EventDate "2020.02.05"]
[EventCountry "IND"]
[SourceTitle "playchess.com"]
[Source "ChessBase"]
[SourceQuality "1"]
[TimeControl "5400+30"]

1. e4 c6 2. Nc3 d5 3. Nf3 dxe4 4. Nxe4 Nf6 5. Qe2 Qd5 6. d3 Bf5 7. c4 Qa5+ 8. Bd2 Qc7 9. Ng3 Bg6 10. h4 Nh5 11. Ne4 Nd7 12. O-O-O Ndf6 13. Nxf6+ Nxf6 14. Ne5 Nd7 15. Nxg6 hxg6 16. d4 O-O-O 17. g3 e6 18. Bg2 Nf6 19. Bc3 Be7 20. Kb1 Kb8 21. Rhe1 Rhe8 22. Qf3 Bd6 23. Rd3 Ka8 24. Red1 Bf8 25. Bd2 Rd7 26. Bf4 Bd6 27. Bg5 Be7 28. c5 e5 29. Ra3 Red8 30. Rc1 Rxd4 31. Rb3 Qd7 32. Bxf6 Bxf6 33. a3 Qf5+ 34. Qxf5 gxf5 35. Rbc3 e4 36. R3c2 Kb8 37. Re2 Rd2 38. Rxd2 Rxd2 39. Rc2 Rxc2 40. Kxc2 Bd4 41. f3 e3 42. Bf1 Bxc5 43. Bc4 f6 44. Kd3 a5 45. a4 Kc7 46. Be6 f4 47. gxf4 Kd6 48. Bc4 Ke7 49. Ke4 Ba7 50. h5 Bc5 51. Kf5 Bd6 52. Ke4 Bc5 53. Kf5 Bd4 54. b3 Bc3 55. Kg6 {Kf7+ Be2+} Be1 56. Kf5 Bg3 57. Ke4 Bf2 58. Kf5 {Kg8 Kg6} Bg3 {Bc4+ Kf8 Kf5 Be1} 59. Kg6 {Bd2 Be2 Bc3 Bc4 Bd4 Be2} b6 {Bc4 Bc5} 60. Kf5 {Bb4 Ke4 Bc5 Kf5 Ba3 Ke4 Bc1 Kf5 Bd2 Be2 Bc1 Bc4 Ba3 Ke4 Bc5 Kf5} 1/2-1/2

[Event "18th IND-chT Women 2020"]
[Site "Ahmedabad"]
[Date "2020.02.10"]
[Round "4.8"]
[White "Natura Bethi"]
[Black "Meenakshi Subbaraman"]
[Result "0-1"]
[ECO "A42"]
[WhiteElo "1364"]
[BlackElo "2162"]
[Annotator "RC"]
[PlyCount "50"]
[EventDate "2020.02.05"]
[EventCountry "IND"]
[SourceTitle "playchess.com"]
[Source "ChessBase"]
[SourceQuality "1"]
[TimeControl "5400+30"]

1. d4 d6 2. c4 g6 3. Nc3 Bg7 4. e4 e5 5. d5 Ne7 6. Bd3 O-O 7. Nge2 Nd7 8. O-O f5 9. f4 exf4 10. exf5 f3 11. Nf4 fxg2 12. Kxg2 Ne5 13. Ne6 Bxe6 14. fxe6 Nf5 15. Ne4 Nh4+ 16. Kh1 Nhf3 17. Nd2 Nxh2 18. Rxf8+ Bxf8 19. Bxg6 hxg6 20. Kxh2 Qh4+ 21. Kg2 Qg5+ 22. Kh1 Be7 23. Qg1 Qh5+ 24. Qh2 Bh4 25. b3 Ng4 0-1

[Event "18th IND-chT Women 2020"]
[Site "Ahmedabad"]
[Date "2020.02.10"]
[Round "4.11"]
[White "Srija, Seshadri"]
[Black "Smaraki, Mohanty"]
[Result "1-0"]
[ECO "B01"]
[WhiteElo "2205"]
[BlackElo "1746"]
[Annotator "RC"]
[PlyCount "52"]
[EventDate "2020.02.05"]
[EventCountry "IND"]
[SourceTitle "playchess.com"]
[Source "ChessBase"]
[SourceQuality "1"]
[TimeControl "5400+30"]

1. e4 d5 2. exd5 Qxd5 3. Nc3 Qd8 4. d4 Nf6 5. Nf3 Bg4 6. Be2 e6 7. O-O Be7 8. Bf4 c6 9. h3 Bh5 10. g4 Bg6 11. Ne5 Nbd7 12. h4 h6 13. Nxg6 fxg6 14. Qd3 Kf7 15. h5 Nf8 16. Be5 gxh5 17. gxh5 g6 18. Kh1 Rg8 19. Rg1 g5 20. Raf1 N6d7 21. f4 Nxe5 22. fxe5+ Ke8 23. Qf3 Kd7 24. d5 exd5 25. Nxd5 Ne6 26. Rd1 {Kc7 Nf6} Qf8 {Nxg8} 1-0

[Event "18th IND-chT Women 2020"]
[Site "Ahmedabad"]
[Date "2020.02.10"]
[Round "4.12"]
[White "Aparajita, Gochhikar"]
[Black "Arpita, Mukherjee"]
[Result "0-1"]
[ECO "B14"]
[WhiteElo "1743"]
[BlackElo "2201"]
[Annotator "RC"]
[PlyCount "112"]
[EventDate "2020.02.05"]
[EventCountry "IND"]
[SourceTitle "playchess.com"]
[Source "ChessBase"]
[SourceQuality "1"]
[TimeControl "5400+30"]

1. e4 c5 2. c3 d5 3. exd5 Qxd5 4. d4 g6 5. Nf3 Bg7 6. Be3 cxd4 7. cxd4 Nf6 8. Nc3 Qd8 9. Bb5+ Bd7 10. Bxd7+ Nbxd7 11. Qb3 Nb6 12. O-O O-O 13. Rac1 e6 14. Rfd1 Nfd5 15. Nxd5 Qxd5 16. Rc7 Qxb3 17. axb3 Rab8 18. Rdc1 Nd5 19. R7c4 h6 20. Kf1 Rfd8 21. Ke2 Ne7 22. Bf4 Ra8 23. Bc7 Rd5 24. Rc5 b6 25. Rxd5 Nxd5 26. Bg3 a5 27. Ne5 g5 28. h4 f6 29. Nd3 Kf7 30. f4 f5 31. Ne5+ Bxe5 32. fxe5 a4 33. bxa4 Rxa4 34. Kd3 Rb4 35. Be1 Rxb2 36. g3 Rb3+ 37. Kc4 Rf3 38. h5 Rf1 39. Ra1 Ne7 40. Kb5 f4 41. gxf4 gxf4 42. Kxb6 f3 43. Ra3 Rxe1 44. Rxf3+ Nf5 45. Ra3 Rc1 46. Ra7+ Ne7 47. Kb5 Rc8 48. Ra6 Nf5 49. Ra7+ Kf8 50. Rd7 Ne7 51. Kb6 Kf7 52. Kb7 Rc4 53. Rd8 Nf5 54. Rd7+ Ke8 55. Rh7 Rxd4 56. Rh8+ Kf7 0-1

[Event "18th IND-chT Women 2020"]
[Site "Ahmedabad"]
[Date "2020.02.11"]
[Round "5.4"]
[White "Meenakshi Subbaraman"]
[Black "Mohota, Nisha"]
[Result "1/2-1/2"]
[ECO "D11"]
[WhiteElo "2162"]
[BlackElo "2191"]
[Annotator "ChessBase"]
[PlyCount "63"]
[EventDate "2020.02.05"]
[EventCountry "IND"]
[SourceTitle "playchess.com"]
[Source "ChessBase"]
[SourceQuality "1"]
[TimeControl "5400+30"]

1. d4 Nf6 2. Nf3 d5 3. g3 Bf5 4. Bg2 e6 5. Nbd2 h6 6. O-O Be7 7. c4 c6 8. b3 O-O 9. Bb2 a5 10. Ne5 a4 11. Bc3 a3 12. Re1 Na6 13. e4 Bh7 14. exd5 exd5 15. c5 Bxc5 16. dxc5 d4 17. Ne4 Bxe4 18. Qxd4 Bxg2 19. Kxg2 Qxd4 20. Bxd4 Rfd8 21. Nf3 Rd5 22. Rac1 Nd7 23. Rc4 Naxc5 24. Rec1 Ne6 25. Be3 c5 26. R4c2 f5 27. Rd2 Rxd2 28. Nxd2 Ne5 29. Rc3 b6 30. Nb1 Nc6 31. Rc2 Ned4 32. Rd2 1/2-1/2